 Dungeon Crawl Stone Soup version 0.31-a0-1549-g5ff9445e89 (webtiles) character file.

Game seed: 16406901821690951103

125174 olourkin the Severer (level 16, -8/127 HPs)
             Began as a Minotaur Fighter on Jan 2, 2024.
             Was the Champion of Okawaru.
             Killed from afar by an ironbound frostheart (32 damage)
             ... by creeping frost
             ... in an ice cave.
             The game lasted 01:58:30 (26761 turns).

olourkin the Severer (Minotaur Fighter)            Turns: 26761, Time: 01:58:31

Health: -8/127     AC: 42    Str: 31    XL:     16   Next: 40%
Magic:  28/28      EV: 20    Int: 10    God:    Okawaru [******]
Gold:   2265       SH: 16    Dex: 13    Spells: 15/15 levels left

rFire   . . .        a - +3 war axe (drain)
rCold   . . .        H - +1 kite shield
rNeg    . . .        Z - +5 crystal plate armour "Omyes" {Int+5}
rPois   +            (helmet restricted)
rElec   .            D - +2 cloak
rCorr   .            i - +2 pair of gloves
SInv    .            h - +1 pair of boots
Will    ++...        j - amulet of regeneration Stlth
                     g - ring "Waycarot" {rPois MP+9 Str+5}
HPRegen 1.21/turn    C - +5 ring of evasion
MPRegen 0.21/turn

%: no passive effects
@: mighty, heroic, enlightened, flying, hasted, invisible, very quick
A: horns 2, retaliatory headbutt
a: Renounce Religion, Heroism, Finesse, Duel


You were in an ice cave.
You worshipped Okawaru.
Okawaru was exalted by your worship.
You visited 5 branches of the dungeon, and saw 24 of its levels.
You also visited: Sewer and Ice Cave.

You collected 2405 gold pieces.
You spent 140 gold pieces at shops.

Inventory:

Hand Weapons
 a - a +3 war axe of draining (weapon)
 b - a +1 war axe of flaming
 m - a +2 broad axe of freezing
 Y - a +1 executioner's axe of electrocution
Missiles
 d - 17 poisoned darts
 o - 17 javelins
 u - 11 boomerangs
 v - 4 silver javelins
 I - 9 atropa-tipped darts
 K - 3 curare-tipped darts (quivered)
 W - 5 datura-tipped darts
 X - 5 throwing nets
Armour
 h - a +1 pair of boots (worn)
 i - a +2 pair of gloves (worn)
 D - a +2 cloak (worn)
 H - a +1 kite shield (worn)
 N - a scarf of shadows
 Z - the +5 crystal plate armour "Omyes" (worn) {Int+5}
   (Okawaru gifted it to you on level 12 of the Dungeon)

   Int+5:     It affects your intelligence (+5).
Jewellery
 g - the ring "Waycarot" (left hand) {rPois MP+9 Str+5}
   (You found it on level 13 of the Dungeon)

   [ring of magical power]

   Str+5:     It affects your strength (+5).
   rPois:     It protects you from poison MP+9: It affects your magic capacity
   (+9).
 j - an amulet of regeneration (around neck)
 n - a +4 ring of protection
 y - a ring of positive energy
 C - a +5 ring of evasion (right hand)
 U - a ring of willpower
Wands
 E - a wand of flame (20)
 G - a wand of mindburst (20)
 M - a wand of paralysis (21)
 O - a wand of roots (12)
 P - a wand of polymorph (6)
Scrolls
 e - 15 scrolls of teleportation
 k - 2 scrolls of fog
 t - 2 scrolls of enchant weapon
 w - 2 scrolls of immolation {!r}
 z - 3 scrolls of poison {!r}
 F - a scroll of silence
 R - 4 scrolls of identify
 S - 3 scrolls of enchant armour
 T - a scroll of blinking
Potions
 c - 2 potions of enlightenment
 f - 5 potions of curing
 l - 4 potions of brilliance
 p - 2 potions of resistance
 r - 5 potions of haste
 s - a potion of magic
 x - 4 potions of might
 B - 2 potions of invisibility
 J - 4 potions of ambrosia {!e}
 L - a potion of heal wounds
 Q - a potion of lignification {!q}
Miscellaneous
 V - a sack of spiders


   Skills:
 - Level 7.7(12.7) Fighting
 - Level 17.7(22.7) Axes
 - Level 9.5(14.5) Throwing
 - Level 15.5(20.5) Armour
 - Level 16.0(21.0) Dodging
 - Level 15.5(20.5) Shields
 + Level 6.5 Invocations


You had 15 spell levels left.
You didn't know any spells.
Your spell library contained the following spells:

 Spells                   Type           Power      Damage    Failure   Level
 Magic Dart               Conj           0%         1d3       99%         1
 Necrotise                Necr           0%         1d4       99%         1
 Shock                    Conj/Air       0%         1d3       99%         1
 Cigotuvi's Dreadful Rot  Necr/Alch/Air  0%         N/A       99%         2
 Ensorcelled Hibernation  Hex/Ice        0%         N/A       99%         2
 Searing Ray              Conj           0%         2d4       99%         2
 Dazzling Flash           Conj/Hex       0%         N/A       100%        3
 Mephitic Cloud           Conj/Alch/Air  0%         N/A       100%        3
 Passwall                 Erth           0%         N/A       100%        3
 Swiftness                Air            0%         N/A       100%        3
 Vampiric Draining        Necr           0%         2d6       100%        3
 Airstrike                Air            0%         2d(0-16)  100%        4
 Fulminant Prism          Conj/Alch      0%         3d5       100%        4
 Ignite Poison            Fire/Alch      0%         N/A       100%        4
 Curse of Agony           Necr           0%         N/A       100%        5
 Freezing Cloud           Conj/Ice/Air   0%         6-21      100%        5
 Silence                  Hex/Air        0%         N/A       100%        5
 Maxwell's Capacitive Co  Air            0%         ∞         100%        8
 Martyr's Knell           Necr/Summ      Unusable   N/A       N/A         4
 Summon Horrible Things   Summ           Unusable   N/A       N/A         8

Dungeon Overview and Level Annotations

Branches:
Dungeon (13/15)            Temple (1/1) D:5            Lair (5/5) D:8
 Shoals (0/4) Lair:2       Spider (3/4) Lair:2        Slime (0/5) Lair:5
    Orc (2/2) D:12            Elf (0/3) Orc:2        Vaults (0/5) D:13
  Sewer (visited)           IceCv (1/1)

Altars:
Ashenzari
Cheibriados
Dithmenos
Elyvilon
Fedhas
Gozag
Hepliaklqana
Kikubaaqudgha
Makhleb
Nemelex Xobeh
Okawaru
Qazlal
Ru
Sif Muna
Trog
Uskayaw
Vehumet
Wu Jian
Xom
Yredelemnul
Zin
The Shining One
Jiyva

Shops:
D:8 ?   Orc:2 [*!(:(!!

Annotations:
D:5 Blork the orc
D:10 3 runed translucent doors, jlumianski's ghost, journeyman GnSh IceCv exclusion: orange crystal statue


Innate Abilities, Weirdness & Mutations

You have a pair of horns on your head.
You reflexively headbutt those who attack you in melee.


Message History

The frost giant completely misses you.
You slice the frost giant!! You headbutt the frost giant.
The frost giant is severely wounded.
You slash the white ugly thing!
You kill the white ugly thing!
Okawaru accepts your kill.
You completely miss the frost giant. You headbutt the frost giant!
The frost giant is almost dead.
You closely miss the rime drake. The frost giant barely misses you.
You slice the frost giant!!
You kill the frost giant!
Okawaru accepts your kill.
You closely miss the rime drake. The ice encasing you melts away.
You closely miss the ironbound frostheart.
The ironbound frostheart is moderately wounded.
An ironbound frostheart comes into view.
You slice the ironbound frostheart!! You drain the ironbound frostheart!
The ironbound frostheart is severely wounded.
You block the ironbound frostheart's attack.
You closely miss the ironbound frostheart.
The ironbound frostheart is severely wounded.
You hit the rime drake. You block the rime drake's attack.
You hit the ironbound frostheart. You drain the ironbound frostheart.
You headbutt the ironbound frostheart.
The ironbound frostheart is almost dead.
You catch the helpless rime drake completely off-guard!
You slash the rime drake! You drain the rime drake.
You slice the ironbound frostheart!!
You kill the ironbound frostheart!
Okawaru accepts your kill.
You hit the rime drake. The rime drake breathes ice at you.
You block the icy flash freeze.
You slice the rime drake!!
You kill the rime drake!
Okawaru accepts your kill.
The ironbound frostheart calls freezing cold from the walls.
The frost grips you!!
You die...

##.## ###.#.#
###≈≈≈.## #≈≈≈≈≈##
############≈≈≈#
###...p..u..#.≈≈≈#
##.......Cp(..#####
#......[###(....#
...#...†@$##.....#
#$$$$.)[#.....p.#
##)[..:##..h.(...#
###[.##...D....##
#### .......##
...k.C### ......#


You could see an ironbound frostheart.

Vanquished Creatures
  Arachne (Spider:2)
  Jorgrun (Orc:1)
  Rupert (Orc:2)
  Donald (Orc:2)
  A frost giant (IceCv)
  A spark wasp (Spider:2)
  A dire elephant (Lair:5)
  A white draconian (IceCv)
  Snorg (Lair:3)
  An ettin (Orc:2)
  2 jorogumos (Spider:2)
  Erolcha (Orc:1)
  5 hydras
  2 ice dragons (IceCv)
  A catoblepas (Lair:2)
  The ghost of Hiwnic the Unforgettable, a journeyman OpFE of Hepliaklqana (Lair:2)
  4 ironbound frosthearts (IceCv)
  5 radroaches
  6 boulder beetles
  A centaur warrior (D:13)
  11 two-headed ogres
  3 orc high priests (Orc:2)
  Urug (D:12)
  6 demonic crawlers
  Sonja (Lair:4)
  3 pharaoh ants
  3 orb spiders
  Amaemon (D:9)
  2 spectral wolf spiders (Spider:1)
  A lindwurm (Lair:5)
  9 steelbarb worms
  4 orc knights
  6 cyclopes
  2 necromancers (D:13)
  3 wolf spider zombies (Spider:1)
  10 ugly things
  23 wolf spiders
  4 orc sorcerers (Orc:2)
  3 manticores
  Maurice (D:7)
  A torpor snail (Spider:2)
  4 elephants (Lair:5)
  3 black mambas
  3 kobold blastminers
  An orange demon (D:9)
  Jeremiah (D:7)
  14 komodo dragons
  14 cane toads
  2 kobold demonologists
  12 rime drakes
  3 merfolk (Lair:2)
  5 trolls
  A queen bee (Lair:2)
  7 hornets
  3 wolf spider simulacra (Spider:1)
  Grinder (D:4)
  16 tarantellas
  9 polar bears
  6 blink frogs
  7 dream sheep (Lair:4)
  19 jumping spiders
  A spriggan (shapeshifter) (D:13)
  Eustachio (D:4)
  A slime creature (D:10)
  40 yaks
  7 culicivoras
  3 wyverns
  A water elemental (D:11)
  5 wraiths
  3 fire bats (Lair:3)
  2 wargs (Orc:1)
  2 basilisks
  A steam dragon (D:9)
  39 redbacks
  11 vampire mosquitoes
  11 water moccasins
  8 orc warriors
  3 sky beasts
  4 ice beasts
  A black bear (D:7)
  11 wolves
  4 centaurs
  8 ogres
  A kobold brigand (D:12)
  9 bullfrogs
  3 gnoll sergeants
  10 scorpions
  5 wights
  13 killer bees
  7 electric eels
  6 howler monkeys
  3 hounds
  6 bombardier beetles
  11 jellies
  A gnoll bouda (Lair:4)
  15 orc priests
  Jessica (D:3)
  A hell rat (Sewer)
  3 iguanas
  26 orc wizards
  23 gnolls
  10 adders
  2 river rats (Sewer)
  A shadow imp (D:6)
  3 white imps
  3 ufetubi
  6 ribbon worms
  4 dart slugs
  66 orcs
  5 ball pythons
  17 endoplasms
  3 giant cockroaches
  5 goblins
  7 hobgoblins
  7 jackals
  6 quokkas
  6 bats
  2 frilled lizards
  8 kobolds
  8 rats
747 creatures vanquished.

Vanquished Creatures (others)
  A frost giant (IceCv)
  A radroach (Spider:2)
  A wolf spider (Spider:1)
  A culicivora (Spider:3)
  A redback (Spider:2)
5 creatures vanquished.

Grand Total: 752 creatures vanquished

Notes
Turn   | Place    | Note
-------+----------+-------------------------------------------
     0 | D:1      | olourkin the Minotaur Fighter began the quest for the Orb.
     0 | D:1      | Reached XP level 1. HP: 19/19 MP: 0/0
   133 | D:1      | Reached skill level 3 in Axes
   243 | D:1      | Reached XP level 2. HP: 24/26 MP: 1/1
   358 | D:1      | Found a faded altar of an unknown god.
  1002 | D:2      | Reached skill level 4 in Axes
  1132 | D:2      | Reached XP level 3. HP: 31/31 MP: 2/2
  1280 | D:2      | Found a hazy altar of Hepliaklqana.
  1287 | D:2      | Reached skill level 5 in Axes
  1375 | D:2      | Reached XP level 4. HP: 39/39 MP: 3/3
  1804 | D:3      | Reached skill level 6 in Axes
  1845 | D:3      | Noticed Jessica
  1848 | D:3      | Killed Jessica
  1849 | D:3      | Reached XP level 5. HP: 38/45 MP: 4/4
  2429 | D:4      | Reached skill level 7 in Axes
  2463 | D:3      | Reached XP level 6. HP: 35/51 MP: 5/5
  2728 | D:3      | Reached skill level 8 in Axes
  2997 | D:4      | Reached skill level 9 in Axes
  3144 | D:4      | Noticed Grinder
  3162 | D:4      | Reached XP level 7. HP: 40/57 MP: 6/6
  3176 | D:4      | Killed Grinder
  3177 | D:4      | Reached skill level 10 in Axes
  3478 | D:4      | Found a snail-covered altar of Cheibriados.
  3478 | D:4      | Noticed Eustachio
  3502 | D:4      | Killed Eustachio
  3728 | D:5      | Entered Level 5 of the Dungeon
  3780 | D:5      | Noticed Blork the orc
  3785 | D:5      | Reached skill level 11 in Axes
  3800 | D:5      | Reached XP level 8. HP: 55/64 MP: 7/7
  3939 | D:5      | Found a shimmering blue altar of Sif Muna.
  4073 | D:5      | Found a hazy altar of Hepliaklqana.
  4144 | D:5      | Found a glowing drain.
  4150 | Sewer    | Entered a sewer
  4454 | D:5      | Found a staircase to the Ecumenical Temple.
  4463 | Temple   | Entered the Ecumenical Temple
  4473 | Temple   | Became a worshipper of Warmaster Okawaru
  4525 | D:5      | Reached skill level 12 in Axes
  5114 | D:5      | Reached * piety under Okawaru
  5116 | D:5      | Reached skill level 5 in Shields
  5463 | D:6      | Reached skill level 5 in Armour
  5609 | D:6      | Reached skill level 13 in Axes
  5643 | D:6      | Reached XP level 9. HP: 60/70 MP: 8/8
  6127 | D:6      | Identified the +1 robe of Action {rElec rCorr Int+5 Dex-3}
  6444 | D:7      | Noticed Maurice
  6464 | D:7      | Paralysed by something for 4 turns
  6480 | D:7      | Paralysed by Maurice for 2 turns
  6486 | D:7      | Something stole a ring of magical power
  6488 | D:7      | Something stole 48 stones
  6494 | D:7      | Something stole a +0 buckler
  6495 | D:7      | Something stole 284 gold
  6506 | D:7      | Paralysed by something for 3 turns
  6898 | D:7      | Paralysed by Maurice for 5 turns
  6916 | D:7      | Paralysed by Maurice for 5 turns
  6928 | D:7      | Paralysed by something for 3 turns
  7088 | D:7      | Paralysed by Maurice for 5 turns
  7097 | D:7      | Paralysed by Maurice for 4 turns
  7113 | D:7      | Paralysed by something for 4 turns
  7126 | D:7      | Paralysed by something for 2 turns
  7232 | D:7      | Paralysed by Maurice for 4 turns
  7453 | D:7      | Paralysed by Maurice for 5 turns
  7464 | D:7      | Killed Maurice
  7464 | D:7      | Reached ** piety under Okawaru
  7551 | D:7      | Reached skill level 14 in Axes
  7629 | D:7      | Noticed Jeremiah
  7976 | D:7      | Reached *** piety under Okawaru
  8643 | D:7      | Killed Jeremiah
  8644 | D:7      | Reached XP level 10. HP: 18/75 MP: 6/9
  9079 | D:8      | Found a sparkling altar of Nemelex Xobeh.
  9079 | D:8      | Found a glowing golden altar of the Shining One.
  9121 | D:8      | You fall into a shaft and drop 2 floors!
  9121 | D:10     | Entered Level 10 of the Dungeon
  9161 | D:9      | Reached skill level 15 in Axes
  9217 | D:9      | Noticed Amaemon
  9260 | D:9      | Noticed an orange demon
  9273 | D:9      | Killed an orange demon
  9278 | D:9      | Killed Amaemon
  9278 | D:9      | Reached **** piety under Okawaru
  9775 | D:9      | Found a white marble altar of Elyvilon.
  9901 | D:9      | Found an ornate altar of the Wu Jian Council.
  9989 | D:9      | Reached skill level 16 in Axes
 10093 | D:9      | Found a blossoming altar of Fedhas.
 10446 | D:9      | Found an opulent altar of Gozag.
 10691 | D:8      | Noticed a manticore
 10934 | D:8      | Killed a manticore
 10935 | D:8      | Reached XP level 11. HP: 75/82 MP: 7/10
 11059 | D:8      | Found a staircase to the Lair.
 11133 | D:8      | Found Imaerph's Magic Scroll Boutique.
 11170 | D:8      | Identified the +2 quarterstaff of Execution {protect,
                  | *Noise Int+4}
 11627 | D:10     | Reached ***** piety under Okawaru
 11628 | D:10     | Reached skill level 10 in Shields
 11666 | D:10     | Identified the +4 chain mail of Context {rN+ Regen+}
 11671 | D:10     | Found a runed translucent gate.
 11671 | D:10     | Found a runed translucent gate.
 11671 | D:10     | Found a runed translucent gate.
 11674 | D:10     | Got the Guidebook on Summoning and the Squall
 11680 | D:10     | Noticed jlumianski's ghost (journeyman GnSh)
 11688 | D:10     | Noticed a two-headed ogre
 11695 | D:10     | Killed a two-headed ogre
 11696 | D:10     | Reached skill level 10 in Armour
 11697 | D:10     | Noticed a two-headed ogre
 11709 | D:10     | Killed a two-headed ogre
 12052 | D:10     | Found a shadowy altar of Dithmenos.
 12075 | D:10     | Received a gift from Okawaru
 12331 | D:10     | Found a radiant altar of Vehumet.
 12694 | D:11     | Reached skill level 1 in Throwing
 13068 | D:11     | Reached skill level 5 in Fighting
 13107 | D:11     | Noticed a two-headed ogre
 13112 | D:11     | Killed a two-headed ogre
 13562 | D:12     | Reached ****** piety under Okawaru
 13563 | D:12     | Reached XP level 12. HP: 87/95 MP: 11/11
 13612 | D:12     | Noticed a boulder beetle
 13633 | D:12     | Killed a boulder beetle
 13674 | D:12     | Received a gift from Okawaru
 13699 | D:12     | Noticed Urug
 13709 | D:12     | Killed Urug
 13835 | D:12     | Noticed a boulder beetle
 13855 | D:12     | Killed a boulder beetle
 13860 | D:12     | Noticed a two-headed ogre
 13877 | D:12     | Killed a two-headed ogre
 14035 | D:12     | Found a staircase to the Orcish Mines.
 14071 | D:12     | Received a gift from Okawaru
 14256 | D:12     | Acquired a +1 executioner's axe of electrocution
 14256 | D:12     | Received a gift from Okawaru
 14257 | D:12     | Acquired the +5 crystal plate armour "Omyes" {Int+5}
 14257 | D:12     | Received a gift from Okawaru
 14720 | D:13     | Reached skill level 5 in Throwing
 14773 | D:13     | Noticed a two-headed ogre
 14785 | D:13     | Killed a two-headed ogre
 14822 | D:13     | Identified the ring "Waycarot" {rPois MP+9 Str+5}
 14921 | D:13     | Noticed a two-headed ogre
 14923 | D:13     | Noticed a centaur warrior
 14935 | D:13     | Killed a two-headed ogre
 14943 | D:13     | Killed a centaur warrior
 15121 | D:13     | Noticed a four-headed hydra
 15134 | D:13     | Killed a one-headed hydra
 15196 | D:13     | Received a gift from Okawaru
 15260 | D:13     | Found a gate to the Vaults.
 15260 | D:13     | Noticed a two-headed ogre
 15260 | D:13     | Noticed a two-headed ogre
 15269 | D:13     | Killed a two-headed ogre
 15271 | D:13     | Killed a two-headed ogre
 15837 | Orc:1    | Entered Level 1 of the Orcish Mines
 15837 | Orc:1    | Noticed Erolcha
 15858 | Orc:1    | Reached XP level 13. HP: 103/104 MP: 12/12
 15978 | Orc:1    | Killed Erolcha
 16378 | Orc:2    | Entered Level 2 of the Orcish Mines
 16378 | Orc:2    | Found Pablodgh's Overcharged Wands.
 16383 | Orc:2    | Noticed an ettin
 16398 | Orc:2    | Killed an ettin
 16415 | Orc:2    | Found Ybapefyn's Armour Emporium.
 16535 | Orc:2    | Found Tonikh's Book Shop.
 16541 | Orc:2    | Found a staircase to the Elven Halls.
 16615 | Orc:2    | Noticed Donald
 16629 | Orc:2    | Killed Donald
 16629 | Orc:2    | Received a gift from Okawaru
 16714 | Orc:2    | Noticed Rupert
 16734 | Orc:2    | Killed Rupert
 16994 | Orc:2    | Received a gift from Okawaru
 17284 | Orc:2    | Paralysed by an orc sorcerer for 4 turns
 17444 | Orc:2    | Found Foomu's Distillery.
 17567 | Orc:2    | Found Amyidwen's Distillery.
 17567 | Orc:2    | Found Rinothiox's Weapon Emporium.
 17569 | Orc:2    | Found Genku's Antique Weapon Shop.
 17569 | Orc:2    | Found Histryph's Distillery.
 17656 | Orc:2    | Bought a potion of haste for 140 gold pieces
 17661 | Orc:1    | Noticed Jorgrun
 17693 | Orc:1    | Killed Jorgrun
 18175 | Lair:1   | Entered Level 1 of the Lair of Beasts
 18376 | Lair:1   | Received a gift from Okawaru
 18466 | Lair:1   | Reached skill level 17 in Axes
 19334 | Lair:2   | Noticed Hiwnic's ghost (journeyman OpFE)
 19390 | Lair:2   | Found a transporter.
 19416 | Lair:2   | Found a transporter.
 19492 | Lair:2   | Reached XP level 14. HP: 113/113 MP: 13/13
 19496 | Lair:2   | Found a hole to the Spider Nest.
 19527 | Lair:2   | Reached skill level 15 in Shields
 19663 | Lair:2   | Received a gift from Okawaru
 19664 | Lair:2   | Reached skill level 15 in Armour
 20196 | Lair:2   | Found a staircase to the Shoals.
 20488 | Lair:2   | Killed Hiwnic's ghost
 20568 | Spider:1 | Entered Level 1 of the Spider Nest
 20657 | Spider:1 | Received a gift from Okawaru
 21047 | Lair:3   | Noticed Snorg
 21070 | Lair:3   | Reached skill level 1 in Dodging
 21076 | Lair:3   | Killed Snorg
 21430 | Lair:3   | Reached skill level 5 in Dodging
 21764 | Lair:4   | Received a gift from Okawaru
 21913 | Lair:4   | Identified the +3 ring mail "Cuamox" {rF- rN+ Will+ Int+3}
 22089 | Lair:4   | Noticed Sonja
 22101 | Lair:4   | Paralysed by Sonja for 5 turns
 22107 | Lair:4   | Killed Sonja
 22846 | Lair:5   | Entered Level 5 of the Lair of Beasts
 23159 | Lair:5   | Received a gift from Okawaru
 23199 | Lair:5   | Found a viscous altar of Jiyva.
 23200 | Lair:5   | Found a staircase to the Slime Pits.
 23436 | Lair:5   | Reached XP level 15. HP: 119/119 MP: 14/14
 23897 | Spider:1 | Reached skill level 10 in Dodging
 23946 | Spider:1 | Received a gift from Okawaru
 24941 | Spider:2 | Received a gift from Okawaru
 25237 | Spider:2 | Identified the +3 great sword of Wumiedu {heavy, Int-5
                  | Dex+8}
 25269 | Spider:2 | Received a gift from Okawaru
 25502 | Spider:2 | Reached skill level 15 in Dodging
 25695 | Spider:3 | Noticed Arachne
 25705 | Spider:2 | Reached XP level 16. HP: 41/123 MP: 15/15
 25705 | Spider:2 | Received a gift from Okawaru
 25884 | Spider:2 | Killed Arachne
 25961 | Spider:3 | Reached skill level 1 in Invocations
 26032 | Spider:3 | Found a frozen archway.
 26041 | IceCv    | Entered an ice cave
 26346 | IceCv    | Received a gift from Okawaru
 26347 | IceCv    | Reached skill level 5 in Invocations
 26761 | IceCv    | Killed from afar by an ironbound frostheart

Illustrated notes

Levels and vault maps discovered:
D:1:      dpeg_arrival_leaves_temple_mockup, layout_basic,
          shapermc_ecumenical_altar_hornbeckon
D:2:      layout_basic, basic_altar, amcnicky_mini_rare_corridor_liquid
D:3:      layout_loops_ring, uniq_jessica
D:4:      layout_cave_pools, slow_altar_2, uniq_grinder, uniq_eustachio
D:5:      old_forge, layout_loops_cross, worldfamousw_hep_ancestral_shrine,
          tgw_sif, minmay_temple_entry_junction, serial_rivers,
          chequers_serial_rivers_micro_b, chequers_serial_rivers_marsh,
          chequers_serial_rivers_large_b, chequers_serial_rivers_marsh,
          chequers_serial_rivers_micro_b, chequers_serial_rivers_large_a,
          mainiacjoe_sewer_entry_somewhere_in_here_1
D:6:      layout_basic, nicolae_zen_rock_garden
D:7:      layout_cave_pools, serial_park, serial_park_tiny_1,
          serial_park_square3 [serial_park_minivault_5x5_7],
          serial_park_avenue1, serial_park_square3
          [serial_park_minivault_5x5_7], uniq_maurice, uniq_jeremiah
D:8:      layout_cave_pools, minitemple, david_lair_shrubbed, serial_shops,
          shop, kennysheep_island_fort
D:9:      layout_loops_corners, mainiacjoe_overflow_catwalk,
          nicolae_overflow_crystal_walls, mainiacjoe_overflow_swirl,
          grunt_ministairs_2, uniq_amaemon
D:10:     lemuel_slime, layout_cross, vehumet_altar_wand_db,
          grunt_dithmenos_smoke, gammafunk_ghost_spectres
D:11:     layout_basic
D:12:     nicolae_BIG_FREAKIN_CUBE, layout_grid_maze,
          kennysheep_orc_monster_closet_entryway, uniq_urug
D:13:     layout_rooms, david_vaults_1
Temple:   jpeg_temple_clearing
Lair:1:   layout_cave_pods, grunt_megastairs_1, serial_bayou_shore_a
Lair:2:   layout_cellular_growth, mainiacjoe_shoals_entry_four_pools,
          nicolae_spider_entry_lesser_pyramids, gammafunk_ghost_hive,
          hangedman_lair_generics_rect
Lair:3:   layout_gridlike, uniq_snorg
Lair:4:   layout_cave_pods, dreamdust_gnoll_shepherd, lemuel_fruit_tree,
          grunt_megastairs_4, infiniplex_staircase_pool_2, uniq_sonja
Lair:5:   due_jungle_book, layout_long_grid, slime_entry_1
Spider:1: layout_spider_delve, nicolae_spider_undead_wolf_pack
Spider:2: layout_spider_delve, einodemon_crawler_minivault
Spider:3: layout_cave_pods, portal_ice_cave_entry_ugly_swarm,
          nicolae_spider_some_kinda_spiderbox, uniq_arachne
Orc:1:    layout_caves, uniq_erolcha, uniq_jorgrun
Orc:2:    grunt_orc_tribal_feast, layout_caves, serial_shops, shop,
          nicolae_shop_stone, shop, nicolae_shop_overcharged_wands, uniq_rupert,
          uniq_donald
IceCv:    ice_cave_small_giant

Skill      XL: |  1  2  3  4  5  6  7  8  9 10 11 12 13 14 15 16 |
---------------+-------------------------------------------------+-----
Axes           | 3 4 5 6 7 9 11 13 14 16 17 | 17.7
Armour         | 5 7 9 11 13 14 15 | 15.5
Shields        | 5 7 9 11 13 14 15 | 15.5
Fighting       | 5 7 |  7.7
Throwing       | 3 6 8 9 |  9.5
Dodging        | 9 15 16 | 16.0
Invocations    | 6 |  6.5

Action                     |  1- 3 |  4- 6 |  7- 9 | 10-12 | 13-15 | 16-18 || total
---------------------------+-------+-------+-------+-------+-------+-------++-------
  Melee: War axe           |   101 |   126 |   361 |   608 |  1279 |   231 ||  2706
         Headbutt          |    10 |    12 |    48 |   126 |   303 |    65 ||   564
  Throw: Javelin           |       |       |     6 |       |     9 |       ||    15
         Boomerang         |       |       |    26 |       |    66 |     2 ||    94
         Dart              |       |       |     5 |    17 |    21 |     9 ||    52
 Invoke: Heroism           |       |       |     2 |     4 |     3 |     1 ||    10
         Receive Weapon    |       |       |       |     1 |       |       ||     1
         Receive Armour    |       |       |       |     1 |       |       ||     1
         Finesse           |       |       |       |       |       |     2 ||     2
  Evoke: Wand              |       |       |       |       |     1 |     2 ||     3
    Use: Potion            |       |       |     1 |     1 |     4 |    10 ||    16
         Scroll            |       |       |       |    17 |    11 |     3 ||    31
   Stab: Invisible         |       |       |       |       |    11 |     2 ||    13
 Armour: Scale mail        |    67 |   125 |    64 |       |       |       ||   256
         Chain mail        |       |       |   202 |   213 |       |       ||   415
         Crystal plate arm |       |       |       |    33 |   776 |   193 ||  1002
  Dodge: Dodged            |    40 |    91 |   174 |   223 |   613 |   165 ||  1306
  Block: Buckler           |    20 |    33 |    32 |       |       |       ||    85
         Kite shield       |       |       |    75 |   257 |   950 |   229 ||  1511

Table legend: (Time is in decaauts)
 A = Elapsed time spent in this place.
 B = Non-inter-level travel time spent in this place.
 C = Inter-level travel time spent in this place.
 D = Time resting spent in this place.
 E = Time spent auto-exploring this place.
 F = Levels seen in this place.
 G = Mean time per level.
                   A        B        C        D        E       F      G
               +--------+--------+--------+--------+--------+-----+--------+
         Total |  26470 |  24803 |   1667 |   5586 |  13174 |  26 | 1018.1 |
       Dungeon |  15986 |  14868 |   1118 |   4066 |   7529 |  13 | 1229.7 |
        Temple |     20 |      2 |     18 |      0 |      0 |   1 |   20.0 |
          Lair |   5198 |   4964 |    234 |    261 |   3591 |   5 | 1039.6 |
   Spider Nest |   2419 |   2293 |    126 |    429 |    980 |   3 |  806.3 |
  Orcish Mines |   2036 |   1866 |    170 |    497 |    909 |   2 | 1018.0 |
         Sewer |    152 |    152 |      0 |     23 |     73 |   1 |  152.0 |
      Ice Cave |    656 |    656 |      0 |    308 |     91 |   1 |  656.0 |
               +--------+--------+--------+--------+--------+-----+--------+

Top non-repeatable levels by time:
     D:6: 2103 daAuts
     D:7: 1832 daAuts
     D:9: 1641 daAuts
     D:5: 1447 daAuts
    D:12: 1425 daAuts
  Lair:2: 1356 daAuts
Spider:1: 1252 daAuts
     D:4: 1093 daAuts
  Lair:1: 1090 daAuts
  Lair:4: 1084 daAuts
    D:11: 1076 daAuts
   Orc:2: 1054 daAuts
Spider:2: 1053 daAuts
   Orc:1: 982 daAuts
     D:8: 981 daAuts
